 Dungeon Crawl Stone Soup version 0.28.0-53-g5a82cb258f (webtiles) character file.

Game seed: 2262844404518665582

70 pkoi the Gusty (level 3, 0/26 HPs)
             Began as a Demigod Air Elementalist on May 26, 2022.
             Slain by an orc
             ... wielding a +0 whip
              (2 damage)
             ... on level 4 of the Dungeon.
             The game lasted 00:02:12 (2262 turns).

pkoi the Gusty (Demigod Air Elementalist)           Turns: 2262, Time: 00:02:13

Health: 0/26       AC:  2    Str:  9    XL:     3   Next: 77%
Magic:  1/8        EV: 12    Int: 21    God:
Gold:   74         SH:  0    Dex: 14    Spells: 4/5 levels left

rFire   . . .      SeeInvis .   b - +1 short sword
rCold   . . .      Faith    .   (no shield)
rNeg    . . .      Spirit   .   a - +0 robe
rPois   .          Reflect  .   (no helmet)
rElec   .          Harm     .   (no cloak)
rCorr   .          Rampage  .   (no gloves)
Will    .....                   (no boots)
Stlth   ++........              (no amulet)
HPRegen 0.08/turn               (no ring)
MPRegen 0.11/turn               (no ring)

@: brilliant, very slightly contaminated
A: high MP 1, forlorn, divine attributes
a: no special abilities


You were on level 4 of the Dungeon.
You visited 1 branch of the dungeon, and saw 3 of its levels.

You collected 74 gold pieces.

Inventory:

Hand Weapons
 b - a +1 short sword (weapon)
 h - a +0 dagger
 i - a +0 whip
Missiles
 g - 5 poisoned darts
Armour
 a - a +0 robe (worn)
Scrolls
 d - a scroll of blinking
 f - a scroll of enchant armour


   Skills:
 - Level 1.7 Dodging
 - Level 1.7 Stealth
 - Level 1.7 Spellcasting
 - Level 0.8 Conjurations
 + Level 4.5 Air Magic


You had 4 spell levels left.
You knew the following spells:

 Your Spells              Type           Power      Damage    Failure   Level
a - Shock                 Conj/Air       76%        1d7       4%          1

Your spell library contained the following spells:

 Spells                   Type           Power      Damage    Failure   Level
 Swiftness                Air            31%        N/A       7%          3
 Static Discharge         Conj/Air       19%        N/A       8%          2
 Airstrike                Air            15%        N/A       24%         4


Dungeon Overview and Level Annotations

Branches:
Dungeon (2/15)             Temple (0/1) D:4


Innate Abilities, Weirdness & Mutations

You have an increased reservoir of magic. (+10% MP)
You shall have no god before yourself.
Your divine heritage dramatically boosts your attributes as you level up.


Message History

The zap hits the orc.
The orc is heavily wounded.
The zap hits the orc.
The orc is heavily wounded.
The zap hits the orc.
The orc is severely wounded.
The orc misses you.
Unknown command.
Aiming: Shock (safe; 4% risk of failure)
Press: ? - help, Q - select action, (/) - cycle Shift-Dir - straight line You miscast Shock.
You are very lightly contaminated with residual magic.
Nothing appears to happen.
The orc hits you with a +0 whip.
* * * LOW HITPOINT WARNING * * *
Unknown command.
Unknown command.
Aiming: Shock (safe; 4% risk of failure)
Press: ? - help, Q - select action, (/) - cycle Shift-Dir - straight line
Okay, then.
Aiming: Shock (safe; 4% risk of failure)
Press: ? - help, Q - select action, (/) - cycle Shift-Dir - straight line The zap hits the orc.
You kill the orc!
The zap hits something but does no damage.
The zap hits something.
The orc closely misses you.
Aiming: Shock (safe; 4% risk of failure)
Press: ? - help, Q - select action, (/) - cycle Shift-Dir - straight line, f - orc
Aim: an orc, wielding a +0 whip and wearing a +0 leather armour of fire resistance (heavily wounded, 68% to hit)
The zap misses the orc.
The orc hits you with a +0 whip.
* * * LOW HITPOINT WARNING * * *
Something hits you.
* * * LOW HITPOINT WARNING * * *
Unknown command.
It was a potion of brilliance.
You feel clever all of a sudden. The orc hits you with a +0 whip.
You die...

#####+##...
#.........
#........
#.......#######
#.......'.....#
#.......#.....#####
#$###o###)........#
... #{o...##..# .
#.## #.@...##..#
+.#> +......#..#
#.## #.>...##..#
#..l
#.....##..#########
###+
#..................
#..................
########.....##..##
#.....##..#.
#......#..'.


You could see an orc.

Vanquished Creatures
  Robin (D:2)
  An adder (D:4)
  2 dart slugs
  3 orcs (D:4)
  3 endoplasms (D:1)
  A giant cockroach (D:2)
  5 hobgoblins
  3 kobolds
  A quokka (D:1)
  6 ball pythons (D:1)
  2 bats (D:1)
  A frilled lizard (D:1)
  10 goblins
39 creatures vanquished.

Notes
Turn   | Place    | Note
-------+----------+-------------------------------------------
     0 | D:1      | pkoi the Demigod Air Elementalist began the quest for the
                  | Orb.
     0 | D:1      | Reached XP level 1. HP: 14/14 MP: 5/5
   247 | D:1      | Reached skill level 3 in Air Magic
   520 | D:1      | Reached XP level 2. HP: 20/20 MP: 2/7
  1635 | D:2      | Reached XP level 3. HP: 26/26 MP: 2/8
  1801 | D:2      | Reached skill level 4 in Air Magic
  1820 | D:2      | Noticed Robin
  1865 | D:2      | Killed Robin
  2133 | D:2      | You fall into a shaft and drop 2 floors!
  2245 | D:4      | Found a staircase to the Ecumenical Temple.
  2262 | D:4      | Slain by an orc

Illustrated notes

Levels and vault maps discovered:
D:1:      zaba_arrival_water, layout_loops_corners,
          chequers_serial_rivers_large_a
D:2:      layout_basic, uniq_robin
D:4:      layout_gridville, okawaru_metal_pillars_1_2,
          minmay_temple_entry_glassed_door, nicolae_ossuary_entry_plus

Skill      XL: |  1  2  3 |
---------------+----------+-----
Air Magic      | 3 4 |  4.5
Dodging        | |  1.7
Stealth        | |  1.7
Spellcasting   | |  1.7
Conjurations   | |  0.8

Action                   || total
-------------------------++-------
 Cast: Shock             ||    80
  Use: Scroll            ||     3
       Potion            ||     1
Armor: Robe              ||     6
Dodge: Dodged            ||    11
